 Dungeon Crawl Stone Soup version 0.29.0-5-ge4962eb29e (webtiles) character file.

Game seed: 13902530661529625144

5112 Arum the Protected (level 10, -10/81 (85) HPs)
             Began as a Formicid Fighter on Aug 28, 2022.
             Was an Initiate of Gozag.
             Mangled by a boulder beetle (23 damage)
             ... on level 9 of the Dungeon.
             The game lasted 00:14:09 (7533 turns).

Arum the Protected (Formicid Fighter)               Turns: 7533, Time: 00:14:09

HP:   -10/81 (85)   AC: 19    Str: 23    XL:     10   Next: 88%
MP:   11/11         EV: 10    Int: 13    God:    Gozag
Gold: 1766          SH:  0    Dex: 12    Spells: 9/9 levels left

rFire   . . .      SeeInvis +   d - +1 flail (protect)
rCold   . . .      Faith    .   s - orb {light}
rNeg    . . .      Spirit   .   t - +1 ring mail of the Devil's Advocate {rElec Regen+}
rPois   .          Reflect  .   (helmet unavailable)
rElec   +          Harm     .   (no cloak)
rCorr   +          Rampage  .   f - +0 pair of gloves
Will    +....                   n - +1 pair of boots
Stlth   +.........              (no amulet)
HPRegen 1.03/turn               e - ring of resist corrosion
MPRegen 0.12/turn               (no ring)

@: gold aura, under a protective aura, glowing, lightly drained
A: permanent stasis, dig shafts and tunnels, antennae 3, four strong arms,
clever 1, high MP 1
a: Dig, Shaft Self, Renounce Religion, Potion Petition, Call Merchant, Bribe
Branch


You were on level 9 of the Dungeon.
You worshipped Gozag.
Gozag was most pleased with you.
You visited 1 branch of the dungeon, and saw 9 of its levels.
You also visited: Sewer.

You collected 1982 gold pieces.
You spent 189 gold pieces at shops.
You paid 27 gold pieces to Gozag.

Inventory:

Hand Weapons
 a - a +1 flail of holy wrath
 d - a +1 flail of protection (weapon)
 I - a +1 whip of electrocution
Armour
 c - a +0 buckler
 f - a +0 pair of gloves (worn)
 n - a +1 pair of boots (worn)
 s - an orb of light (worn)
 t - the +1 ring mail of the Devil's Advocate (worn) {rElec Regen+}
   (You bought it in a shop on level 1 of the Dungeon)

   rElec:     It insulates you from electricity.
   Regen:     It increases your rate of health regeneration.
Jewellery
 e - a ring of resist corrosion (left hand)
 i - a ring of wizardry
Wands
 q - a wand of flame (39)
 B - a wand of paralysis (5)
Scrolls
 b - 5 scrolls of enchant armour
 g - a scroll of vulnerability {unknown}
 h - 2 scrolls of butterflies {unknown}
 l - 5 scrolls of identify {unknown}
 m - a scroll of silence {unknown}
 p - a scroll of immolation {unknown}
 r - a scroll of enchant weapon {unknown}
 v - 3 scrolls of blinking {unknown}
 w - 6 scrolls of teleportation
 x - 3 scrolls of fear {unknown}
 y - a scroll of summoning {unknown}
 E - 2 scrolls of poison {unknown}
 G - a scroll of acquirement {unknown}
Potions
 j - 2 potions of lignification {unknown}
 k - 3 potions of brilliance
 o - a potion of curing
 z - 5 potions of flight
 A - 2 potions of haste {unknown}
 C - a potion of degeneration {unknown}
 D - a potion of attraction {unknown}
 F - a potion of ambrosia {unknown}
 H - a potion of magic {unknown}


   Skills:
 + Level 10.2 Fighting
 + Level 9.1 Maces & Flails
 + Level 10.3 Armour
 - Level 4.0 Shields


You had 9 spell levels left.
You didn't know any spells.
Your spell library contained the following spells:

 Spells                   Type           Power      Damage    Failure   Level
 Ignite Poison            Fire/Tmut/Pois 0%         N/A       80%         3
 Mephitic Cloud           Conj/Pois/Air  0%         N/A       80%         3
 Freezing Cloud           Conj/Ice/Air   0%         6-21      100%        5


Dungeon Overview and Level Annotations

Branches:
Dungeon (9/15)             Temple (0/1) D:4           Sewer (visited)
   Lair: D:8-11         Orc: D:9-12

Altars:
Ashenzari
Fedhas
Gozag
Kikubaaqudgha
Ru
Xom
Yredelemnul
Zin
The Shining One

Shops:
D:1 [


Innate Abilities, Weirdness & Mutations

You cannot be hasted, slowed, berserked, paralysed or teleported.
You can dig through walls and to a lower floor.
You have a pair of large antennae on your head. (SInv)
Your four strong arms can wield two-handed weapons with a shield.
Your mind is acute. (Int +4, Str/Dex -1)
You have an increased reservoir of magic. (+10% MP)


Message History

The killer bee stings you but does no damage.
You barely miss the killer bee.
The killer bee is lightly wounded.
You feel sick. The killer bee closely misses you.
You hit the killer bee but do no damage.
Lightning courses through the killer bee!
You kill the killer bee!
You feel sick.
You swing at nothing.
You feel sick.
A boulder beetle comes into view.
You hit the boulder beetle.
The boulder beetle is lightly wounded.
You hit the boulder beetle but do no damage.
The boulder beetle is lightly wounded.
You feel sick.
The killer bee is no longer distracted by gold.
The boulder beetle bites you.
* * * LOW HITPOINT WARNING * * *
You feel much better.
You feel sick. The boulder beetle bites you!
Your +1 whip of electrocution stops crackling.
Your +1 flail of protection hums with potential!
d - a +1 flail of protection (weapon)
You feel sick. The boulder beetle bites you!
* * * LOW HITPOINT WARNING * * *
Unknown command.
You feel much better.
You feel sick. The boulder beetle bites you!!
* * * LOW HITPOINT WARNING * * *
Okay, then.
Okay, then.
Unknown command.
You hit the boulder beetle but do no damage.
Your weapon exudes an aura of protection.
You hit the boulder beetle but do no damage.
You feel sick.
You are no longer poisoned.
The boulder beetle bites you!
* * * LOW HITPOINT WARNING * * *
It was a potion of curing.
You feel better. The boulder beetle bites you!!
You die...
Your body crumbles into a pile of gold.

.... ...# ...#
...# ...#
###≈.≈# #@#≈.≈#
####B≈.≈####
#...<≈≈≈..>#
#..........# $
#..........<
............# $
..##..........#
. #####.######
.#


You could see a boulder beetle.

Vanquished Creatures
  Pikel (D:8)
  Psyche (D:8)
  A steam dragon (D:7)
  Edmund (D:4)
  An acid dragon (D:8)
  Duvessa (D:4)
  A water moccasin (D:8)
  A sky beast (D:7)
  5 black bears
  2 ice beasts
  2 centaurs (D:7)
  3 phantoms
  A kobold brigand (D:6)
  Blork the orc (D:4)
  2 bullfrogs
  A gnoll sergeant (D:6)
  A scorpion (D:5)
  7 necrophages
  6 wights
  Dowan (D:4)
  8 killer bees
  2 bullfrog zombies (D:6)
  A hound (D:6)
  A human zombie (D:6)
  5 orc priests
  2 jellies
  Jessica (D:2)
  4 iguanas
  13 orc wizards
  A merfolk avatar (Sewer)
  A merfolk siren (Sewer)
  A mummy (D:6)
  2 howler monkey zombies (D:6)
  10 adders
  5 gnolls (D:6)
  2 river rats (D:6)
  3 white imps
  3 ufetubi
  5 worms
  3 dart slugs
  44 orcs
  4 bats
  3 endoplasms
  5 giant cockroaches
  11 goblins
  4 hobgoblins
  22 kobolds
  5 quokkas
  10 ball pythons
  4 frilled lizards
  27 rats
252 creatures vanquished.

Vanquished Creatures (others)
  A centaur (D:6)
  22 plants (D:6)
23 creatures vanquished.

Grand Total: 275 creatures vanquished

Notes
Turn   | Place    | Note
-------+----------+-------------------------------------------
     0 | D:1      | Arum the Formicid Fighter began the quest for the Orb.
     0 | D:1      | Reached XP level 1. HP: 18/18 MP: 1/1
   147 | D:1      | Reached XP level 2. HP: 24/24 MP: 2/2
   383 | D:1      | Found Ezeuw's Antique Armour Shoppe.
   813 | D:2      | Found an opulent altar of Gozag.
   819 | D:2      | Reached XP level 3. HP: 28/30 MP: 3/3
   824 | D:2      | Became a worshipper of Gozag Ym Sagoz the Greedy
  1464 | D:2      | Reached XP level 4. HP: 34/37 MP: 4/4
  1705 | D:2      | Noticed Jessica
  1709 | D:2      | Found a faded altar of an unknown god.
  1735 | D:2      | Killed Jessica
  1939 | D:3      | Reached XP level 5. HP: 30/42 MP: 5/5
  2268 | D:3      | Found a glowing silver altar of Zin.
  2270 | D:3      | Found a sacrificial altar of Ru.
  2270 | D:3      | Found a basalt altar of Yredelemnul.
  2272 | D:3      | Found a shimmering altar of Xom.
  2272 | D:3      | Found an ancient bone altar of Kikubaaqudgha.
  2272 | D:3      | Found a glowing golden altar of the Shining One.
  2363 | D:1      | Bought a smoking ring mail for 189 gold pieces
  2363 | D:1      | Identified the +1 ring mail of the Devil's Advocate {rElec
                  | Regen+} (You bought it in a shop on level 1 of the Dungeon)
  2447 | D:3      | Gained mutation: Your mind is acute. (Int +4, Str/Dex -1)
                  | [potion of mutation]
  2447 | D:3      | Gained mutation: You have an increased reservoir of magic.
                  | (+10% MP) [potion of mutation]
  2469 | D:3      | Reached XP level 6. HP: 23/49 MP: 6/6
  2776 | D:4      | Found a staircase to the Ecumenical Temple.
  2931 | D:4      | Noticed a black bear
  2940 | D:4      | Reached skill level 5 in Armour
  2941 | D:4      | Killed a black bear
  2942 | D:4      | Reached skill level 5 in Fighting
  2967 | D:4      | Noticed Edmund
  2970 | D:4      | Noticed Dowan
  2975 | D:4      | Killed Edmund
  2976 | D:4      | Reached XP level 7. HP: 32/56 MP: 7/7
  2976 | D:4      | Noticed Duvessa
  3009 | D:4      | Killed Duvessa
  3038 | D:4      | Killed Dowan
  3199 | D:4      | Noticed Blork the orc
  3213 | D:4      | Killed Blork the orc
  3214 | D:4      | Reached skill level 5 in Maces & Flails
  3538 | D:4      | Reached XP level 8. HP: 64/64 MP: 8/8
  3767 | D:5      | Entered Level 5 of the Dungeon
  4614 | D:6      | Reached XP level 9. HP: 54/72 MP: 9/9
  4870 | D:6      | Found a glowing drain.
  4876 | Sewer    | Entered a sewer
  5420 | D:6      | Found an opulent altar of Gozag.
  5421 | D:6      | Found a blossoming altar of Fedhas.
  5422 | D:6      | Found a broken altar of Ashenzari.
  5804 | D:6      | Found an ancient bone altar of Kikubaaqudgha.
  6208 | D:7      | Identified the +5 trident of the Volcano {pain, Str+4 Int+6
                  | Dex+3}
  6256 | D:7      | Reached XP level 10. HP: 72/82 MP: 11/11
  6629 | D:8      | Found a sacrificial altar of Ru.
  7100 | D:8      | Noticed Psyche
  7101 | D:8      | Noticed Pikel
  7119 | D:8      | Killed Psyche
  7120 | D:8      | Reached skill level 10 in Armour
  7134 | D:8      | Killed Pikel
  7135 | D:8      | Reached skill level 10 in Fighting
  7525 | D:9      | Noticed a boulder beetle
  7533 | D:9      | Mangled by a boulder beetle

Illustrated notes

Levels and vault maps discovered:
D:1:      dpeg_arrival_tiny_g, layout_basic, serial_shops, shop,
          hangedman_decor_riveting
D:2:      layout_loops_cross, basic_altar,
          hellmonk_ecumenical_altar_pennies_from_heaven, uniq_jessica
D:3:      layout_rooms, doesnt_xom_only_xom, hangedman_feature_mirror
D:4:      minmay_skewed_foursquare, layout_loops_ring, temple_doors_e,
          minmay_misc_feat_tower, uniq_duvessa, uniq_edmund, uniq_blork_the_orc
D:5:      layout_loops_ring
D:6:      kennysheep_kobold_camp, layout_loops_cross,
          lemuel_mausoleum_altar_kikubaaqudgha,
          chequers_temple_overflow_statue_of_worship, gup_sewer_entry_spiral
D:7:      layout_rooms, corexii_item_surrounded_by_moat
D:8:      layout_loops_ring, amcnicky_altar_gilded, uniq_psyche, uniq_pikel
D:9:      layout_roguey, dpeg_oklobed_lair, serial_shops, kennysheep_mini,
          serial_rivers, chequers_serial_rivers_room_b,
          chequers_serial_rivers_small_b, chequers_serial_rivers_room_a,
          chequers_serial_rivers_room_a, chequers_serial_rivers_micro_b,
          chequers_serial_rivers_micro_d

Skill      XL: |  1  2  3  4  5  6  7  8  9 10 |
---------------+-------------------------------+-----
Armour         | 4 5 6 7 9 10 | 10.3
Fighting       | 4 5 6 7 8 10 | 10.2
Maces & Flails | 3 4 5 6 7 9 |  9.1
Shields        | |  4.0

Action                   |  1- 3 |  4- 6 |  7- 9 | 10-12 || total
-------------------------+-------+-------+-------+-------++-------
Melee: Flail             |    50 |   148 |   390 |   172 ||   760
       Whip              |       |       |       |    53 ||    53
 Abil: Dig               |       |     2 |     3 |     1 ||     6
Evoke: Wand              |       |       |       |     7 ||     7
  Use: Potion            |       |     6 |     1 |     3 ||    10
       Scroll            |       |       |     2 |       ||     2
Armor: Scale mail        |    17 |    43 |       |       ||    60
       Ring mail         |       |    24 |   184 |    99 ||   307
Dodge: Dodged            |    20 |    65 |   200 |   110 ||   395
Block: Buckler           |    13 |    15 |       |       ||    28
